 Dungeon Crawl Stone Soup version 0.31-a0-986-g5e6e4ef867 (webtiles) character file.

Game seed: 649972993531003452

371 LeprechaunX the Changeling (level 6, -5/42 HPs)
             Began as an Octopode Shapeshifter on Nov 20, 2023.
             Slain by Pikel
             ... wielding a +0 whip of flaming
              (10 damage)
             ... on level 4 of the Dungeon.
             The game lasted 00:04:31 (2452 turns).

LeprechaunX the Changeling (Octopode Shapeshifter)  Turns: 2452, Time: 00:04:32

Health: -5/42      AC:  1    Str: 13    XL:     6   Next: 70%
Magic:  6/6        EV: 13    Int: 13    God:
Gold:   238        SH:  5    Dex: 13    Spells: 5/5 levels left

rFire   . .          .
                       - Unarmed
rCold   + . .        (no shield)
rNeg    + . .        (helmet currently unavailable)
rPois   .            i - amulet of reflection
rElec   .            k - ring of willpower
rCorr   .            p - ring of positive energy
SInv    .            t - ring of protection from cold
Will    +....        (no ring)
Stlth   ++           (no ring)
HPRegen 0.27/turn    (no ring)
MPRegen 0.10/turn    (no ring)
                     (no ring)

%: reflection
@: beast-form
A: beast (slay +2), almost no armour, amphibious, 8 rings, camouflage 1,
gelatinous body 1, (nimble swimmer 1), tentacles
a: Begin Untransformation


You were on level 4 of the Dungeon.
You were a hulking beast.
You visited 1 branch of the dungeon, and saw 4 of its levels.

You collected 238 gold pieces.

Inventory:

Hand Weapons
 a - a +0 sling
Missiles
 e - 5 silver javelins (quivered)
 u - 2 throwing nets
Jewellery
 i - an amulet of reflection (around mantle)
 k - a ring of willpower (left tentacle)
 p - a ring of positive energy (right tentacle)
 t - a ring of protection from cold (on tentacle)
Talismans
 b - a beast talisman
 c - a flux talisman
 q - a blade talisman
Scrolls
 g - 4 scrolls of identify {unknown}
 h - a scroll of noise {unknown}
 l - 2 scrolls of teleportation {unknown}
 m - 2 scrolls of poison {unknown}
 r - 2 scrolls of blinking {unknown}
 s - 3 scrolls of fog {unknown}
Potions
 d - a potion of enlightenment {unknown}
 f - a potion of degeneration {unknown}
 j - a potion of berserk rage {unknown}
 n - a potion of might {unknown}
 o - a potion of lignification


   Skills:
 + Level 3.0 Fighting
 + Level 2.5 Throwing
 - Level 2.0 Dodging
 + Level 4.1 Unarmed Combat
 * Level 4.8 Shapeshifting


You had 5 spell levels left.
You didn't know any spells.
Your spell library contained the following spells:

 Spells                   Type           Power      Damage    Failure   Level
 Freeze                   Ice            0%         1d3       30%         1
 Frozen Ramparts          Ice            0%         1d1       67%         3
 Hailstorm                Conj/Ice       0%         3d3       67%         3


Dungeon Overview and Level Annotations

Branches:
Dungeon (4/15)
 Temple: D:4-7

Altars:
Fedhas

Shops:
D:2 !   D:3 *

Annotations:
D:4 Pikel


Innate Abilities, Weirdness & Mutations

You are a hulking beast.
Your limbs bulge with bestial killing power. (Slay +2)
You cannot wear most types of armour.
You are amphibious.
You can wear up to eight rings at the same time.
Your skin changes colour to match your surroundings (Stealth+).
Your rubbery body absorbs attacks. (AC +1, EV +1)
((You are camouflaged when in or above water. (Stealth+)))
You have tentacles for arms and can constrict up to eight enemies at once.


Message History

You constrict the lemure. The lemure hits you.
You bludgeon the lemure!
You kill the lemure!
That felt strangely unrewarding.
Pikel waves his whip at you.
You tentacle-slap Pikel. You grab Pikel.
You tentacle-slap Pikel, but do no damage.
Pikel is lightly wounded.
You constrict Pikel, but do no damage.
Pikel zaps a wand.
You resist with almost no effort.
You tentacle-slap Pikel but do no damage.
Pikel is lightly wounded.
You constrict Pikel.
Pikel zaps a wand.
You resist with almost no effort.
You tentacle-slap Pikel.
Pikel is moderately wounded.
You constrict Pikel.
Pikel zaps a wand.
You resist with almost no effort.
You tentacle-slap Pikel. x2
Pikel is heavily wounded.
You constrict Pikel.
Pikel hits you with a +0 whip of flaming.
Pikel burns you.
You barely miss Pikel.
Pikel is heavily wounded.
You constrict Pikel.
Pikel hits you with a +0 whip of flaming.
Pikel burns you.
You tentacle-slap Pikel but do no damage.
Pikel is heavily wounded.
You constrict Pikel, but do no damage.
Pikel hits you with a +0 whip of flaming!
* * * LOW HITPOINT WARNING * * *
Pikel burns you.
* * * LOW HITPOINT WARNING * * *
You tentacle-slap Pikel but do no damage.
You tentacle-slap Pikel. You squeeze Pikel.
Pikel is severely wounded.
You constrict Pikel.
Pikel hits you with a +0 whip of flaming!
You die...
Pikel says, "Another soul for the market."

#.$ #.# ######## #.#
#......# #5# #......#
#5# #<.....# #5# ##
#†)....# #K# ≈...
###).....#######h#.≈≈≈≈
#.......................
.........####...........
..............######...>
..........##### ##.
...........####
........#.....#
........#.###.#### ..
.................#.....


You could see Pikel and 3 lemures.

Vanquished Creatures
  An ogre (D:4)
  A lemure (D:4)
  A howler monkey (D:3)
  A hound (D:4)
  A jelly (D:4)
  An iguana (D:4)
  4 gnolls (D:4)
  5 adders
  3 worms
  2 dart slugs
  2 orcs
  4 ball pythons
  4 endoplasms
  5 giant cockroaches
  2 goblins
  5 hobgoblins
  8 jackals
  9 kobolds
  2 quokkas
  3 bats
  6 frilled lizards (D:1)
  7 rats
77 creatures vanquished.

Notes
Turn   | Place    | Note
-------+----------+-------------------------------------------
     0 | D:1      | LeprechaunX the Octopode Shapeshifter began the quest for
                  | the Orb.
     0 | D:1      | Reached XP level 1. HP: 13/13 MP: 1/1
   111 | D:1      | Found a faded altar of an unknown god.
   152 | D:1      | Reached XP level 2. HP: 12/18 MP: 2/2
   371 | D:1      | Reached XP level 3. HP: 23/23 MP: 3/3
   428 | D:1      | Reached skill level 1 in Throwing
   755 | D:2      | Found Vuamnauh's Distillery.
   989 | D:2      | Reached XP level 4. HP: 29/29 MP: 4/4
  1369 | D:3      | Found Cyshrec's Assorted Antiques.
  1597 | D:3      | Found a blossoming altar of Fedhas.
  1790 | D:3      | Reached XP level 5. HP: 16/34 MP: 5/5
  2076 | D:4      | Noticed an ogre
  2260 | D:4      | Killed an ogre
  2261 | D:4      | Reached XP level 6. HP: 38/41 MP: 6/6
  2436 | D:4      | Noticed Pikel
  2452 | D:4      | Slain by Pikel

Illustrated notes

Levels and vault maps discovered:
D:1:      wander_arrival_fairy_ring, layout_basic,
          dreamdust_ecumenical_altar_statues,
          hangedman_abyss_or_decor_lesser_grid
D:2:      layout_rooms, serial_shops, shop, minmay_box_of_dots
D:3:      layout_basic, fedhas_altar_4, serial_shops,
          nicolae_shop_just_a_little_nook, corexii_shack, dk_noncrumbling_4
D:4:      layout_rooms, nicolae_overflow_squiral, nicolae_figureground_sparkle,
          uniq_pikel

Skill      XL: |  1  2  3  4  5  6 |
---------------+-------------------+-----
Throwing       | 1 2 |  2.5
Fighting       | 2 3 |  3.0
Shapeshifting  | 4 |  4.8
Unarmed Combat | 4 |  4.1
Dodging        | |  2.0

Action                     |  1- 3 |  4- 6 || total
---------------------------+-------+-------++-------
  Melee: Unarmed           |    75 |   111 ||   186
         Constrict         |    17 |    25 ||    42
         Tentacles         |    10 |    28 ||    38
         Punch             |     1 |     7 ||     8
  Throw: Javelin           |       |     4 ||     4
   Stab: Sleeping          |     8 |     3 ||    11
 Armour: Skin              |    29 |    47 ||    76
  Dodge: Dodged            |    39 |    74 ||   113
  Block: Other             |       |    18 ||    18

Table legend: (Time is in decaauts)
 A = Elapsed time spent in this place.
 B = Non-inter-level travel time spent in this place.
 C = Inter-level travel time spent in this place.
 D = Time resting spent in this place.
 E = Time spent auto-exploring this place.
 F = Levels seen in this place.
 G = Mean time per level.
                   A        B        C        D        E       F      G
               +--------+--------+--------+--------+--------+-----+--------+
         Total |   2438 |   2383 |     55 |    158 |   1699 |   4 |  609.5 |
       Dungeon |   2438 |   2383 |     55 |    158 |   1699 |   4 |  609.5 |
               +--------+--------+--------+--------+--------+-----+--------+

Top non-repeatable levels by time:
     D:3: 745 daAuts
     D:2: 668 daAuts
     D:1: 628 daAuts
     D:4: 395 daAuts
